 Dungeon Crawl Stone Soup version 0.19.5 (webtiles) character file.

16243 greprep the Spear-Bearer (level 12, 0/110 (111) HPs)
             Began as a Minotaur Fighter on May 25, 2017.
             Was an Elder of Qazlal.
             Slain by Snorg (13 damage)
             ... on level 13 of the Dungeon.
             The game lasted 00:32:14 (10393 turns).

greprep the Spear-Bearer (Minotaur Fighter)        Turns: 10393, Time: 00:32:14

HP:   0/110 (111)   AC: 19    Str: 28    XL:     12   Next: 8%
MP:   11/11         EV: 12    Int:  5    God:    Qazlal [****..]
Gold: 629           SH: 13    Dex: 13    Spells: 0 memorised, 11 levels left

rFire  x . .     SeeInvis .     R - +10 war axe of Modesty {elec, Fragile +Inv rElec rF-}
rCold  . . .     Gourm    +     O - +5 chain mail "Celuc" {rElec}
rNeg   . . .     Faith    .     a - +2 buckler {reflect}
rPois  .         Spirit   .     (helmet restricted)
rElec  +         Reflect  +     D - +0 cloak
rCorr  .         Harm     .     k - +0 pair of gloves
MR     .....                    (no boots)
Stlth  ..........               l - amulet of the gourmand
                                B - +2 ring of evasion
                                m - +5 ring of strength

@: repel missiles, heavily drained
A: retaliatory headbutt, horns 2, talons 1, rugged brown scales 1, deterioration
1, no device heal 1
a: Upheaval, Elemental Force, Renounce Religion, Evoke Invisibility


You were on level 13 of the Dungeon.
You worshipped Qazlal.
Qazlal was greatly pleased with you.
You were not hungry.

You visited 2 branches of the dungeon, and saw 14 of its levels.

You collected 674 gold pieces.
You spent 45 gold pieces at shops.

Inventory:

Hand Weapons
 y - the +7 spear "Seopui" {vamp, *Contam rElec rN+ Str+2 Stlth+}
   (You found it on level 4 of the Dungeon)

   It inflicts no extra harm, but heals its wielder when it wounds a living foe.
   It affects your strength (+2).
   It insulates you from electricity.
   It protects you from negative energy.
   It causes magical contamination when unequipped.
   It makes you more stealthy.
 R - the +10 war axe of Modesty (weapon) {elec, Fragile +Inv rElec rF-}
   (You found it on level 11 of the Dungeon)

   Occasionally, upon striking a foe, it will discharge some electrical energy
   and cause terrible harm.
   It makes you vulnerable to fire.
   It insulates you from electricity.
   It lets you turn invisible.
   It will be destroyed if unequipped.
Armour
 a - a +2 buckler of reflection (worn)
 k - a +0 pair of gloves (worn)
 D - a +0 cloak (worn)
 O - the +5 chain mail "Celuc" (worn) {rElec}
   (You found it on level 11 of the Dungeon)

   It insulates you from electricity.
Jewellery
 l - an amulet of the gourmand (around neck)
 m - a +5 ring of strength (left hand)
 B - a +2 ring of evasion (right hand)
Wands
 b - a wand of paralysis (15/24)
 n - a wand of flame (35/48)
 q - a wand of acid (2/15)
 v - a wand of lightning (5/15)
 A - a wand of slowing (29/48)
 C - a wand of slowing (38/48)
 Q - a wand of iceblast (6/15)
Scrolls
 e - 2 scrolls of amnesia
 g - 3 scrolls of teleportation
 h - 3 scrolls of magic mapping
 i - 5 scrolls of fear {unknown}
 j - 2 scrolls of remove curse
 o - a scroll of recharging {unknown}
 p - 3 scrolls of fog {unknown}
 r - 8 scrolls of immolation {unknown}
 s - 2 scrolls of enchant weapon {unknown}
 w - 16 scrolls of identify {unknown}
 z - a scroll of random uselessness {unknown}
 F - a scroll of enchant armour {unknown}
 K - a scroll of torment {unknown}
 S - a scroll of noise {unknown}
Potions
 d - 4 potions of might
 t - 6 potions of heal wounds
 E - 2 potions of curing
 H - a potion of agility {unknown}
 J - a potion of berserk rage
 M - 2 potions of haste {unknown}
Books
 u - a book of Minor Magic

   Spells                             Type                      Level
   a - Magic Dart                     Conjuration                  1
   b - Blink                          Translocation                2
   c - Call Imp                       Summoning                    2
   d - Repel Missiles                 Charms/Air                   2
   e - Slow                           Hexes                        2
   f - Conjure Flame                  Conjuration/Fire             3
   g - Mephitic Cloud                 Conjuration/Poison/Air       3
 x - a book of Air

   Spells                             Type                      Level
   a - Shock                          Conjuration/Air              1
   b - Swiftness                      Charms/Air                   2
   c - Repel Missiles                 Charms/Air                   2
   d - Static Discharge               Conjuration/Air              3
   e - Lightning Bolt                 Conjuration/Air              5
 I - a book of Necromancy

   Spells                             Type                      Level
   a - Pain                           Necromancy                   1
   b - Animate Skeleton               Necromancy                   1
   c - Vampiric Draining              Necromancy                   3
   d - Regeneration                   Charms/Necromancy            3
   e - Animate Dead                   Necromancy                   4
   f - Control Undead                 Necromancy                   4
 N - a book of Ice

   Spells                             Type                      Level
   a - Ice Form                       Ice/Transmutation            4
   b - Metabolic Englaciation         Hexes/Ice                    5
   c - Ozocubu's Refrigeration        Ice                          6
   d - Bolt of Cold                   Conjuration/Ice              6
   e - Freezing Cloud                 Conjuration/Ice/Air          6
   f - Simulacrum                     Ice/Necromancy               6
 P - a book of Misfortune

   Spells                             Type                      Level
   a - Confusing Touch                Hexes                        1
   b - Confuse                        Hexes                        3
   c - Gell's Gravitas                Hexes/Translocation          3
   d - Petrify                        Transmutation/Earth          4
   e - Metabolic Englaciation         Hexes/Ice                    5
   f - Yara's Violent Unravelling     Hexes/Transmutation          5
Comestibles
 c - 4 fruits
 f - 8 bread rations
 G - 2 meat rations
 L - 2 beef jerkies


   Skills:
 * Level 10.8(9.1) Fighting
 * Level 8.6(10.4) Axes
 + Level 13.6(12.6) Polearms
 + Level 9.7(8.1) Armour
 + Level 4.0(2.6) Dodging
 + Level 1.4(0.1) Stealth
 + Level 10.1(8.4) Shields


You had 11 spell levels left.
You didn't know any spells.

Dungeon Overview and Level Annotations

Branches:
Dungeon (13/15)            Temple (1/1) D:5            Lair (0/6) D:9
    Orc (0/2) D:10
 Vaults: D:13-14

Altars:
Ashenzari
Cheibriados
Dithmenos
Elyvilon
Fedhas
Gozag
Hepliaklqana
Kikubaaqudgha
Makhleb
Nemelex Xobeh
Okawaru
Qazlal
Ru
Sif Muna
Trog
Uskayaw
Vehumet
Xom
Yredelemnul
Zin
The Shining One

Shops:
D:9 [   D:10 ?

Annotations:
D:13 Snorg, Sonja


Innate Abilities, Weirdness & Mutations

You reflexively headbutt those who attack you in melee.
You have a pair of horns on your head.
You have sharp toenails.
You are partially covered in rugged brown scales. (AC +1, +3% HP)
Your body sometimes deteriorates upon taking damage.
Potions and wands are less effective at restoring your health.


Message History

You closely miss Snorg. You claw Snorg, but do no damage.
Your headbutt misses Snorg.
Snorg is almost dead.
You miss Sonja. Snorg bites you!
* * * LOW HITPOINT WARNING * * *
You block Snorg's attack. x2; Sonja hits you but does no damage.
You feel drained. Sonja hits you but does no damage.
You feel drained. You block Sonja's attack. You block Snorg's attack. x3
You block Snorg's attack. Snorg closely misses you. You block Snorg's attack.
Snorg rages.
Snorg is engulfed in freezing vapours.
You block Snorg's attack. x2
Snorg claws you but does no damage.
Sonja twirls her cape.
Sonja mumbles some strange words.
Sonja blinks!
Sonja is no longer moving slowly.
You see here a curare-tipped needle.
Snorg is engulfed in roaring flames.
Snorg bites you!
You die...

###########
#........<#
#.........#
#.........#
#.........#
#.........#
######.####
#####(########.
#.....@........
#......T######
#.....§.§####
#####..)....#
##......##.#...
##.†..()5(....
##K...####...
#.....#
#...#..#


You could see Snorg (berserk), Sonja and a crimson imp.

Vanquished Creatures
  2 hydras (D:12)
  A centaur warrior (D:12)
  A tengu warrior (D:11)
  The ghost of bobbobbob the Covert, a novice SpEn of Ashenzari (D:10)
  A hill giant (D:12)
  The ghost of greprep the Covered, a novice MiFi of Qazlal (D:7)
  A deep elf mage (D:13)
  3 ugly things
  A cyclops (D:11)
  An elephant (D:9)
  A centaur skeleton (D:11)
  A troll (D:10)
  3 slime creatures (D:13)
  A centaur simulacrum (D:11)
  A vampire (D:12)
  A yak (D:9)
  A steam dragon (D:7)
  A hungry ghost (D:10)
  A soldier ant (D:10)
  Duvessa (D:5)
  A water moccasin (D:9)
  7 orc warriors
  7 sky beasts
  3 ice beasts
  3 phantoms
  2 hornet zombies (D:9)
  A black bear (D:8)
  3 necrophages
  7 ogres
  The ghost of Artagas the Charmwright, an amateur HESk (D:3)
  13 centaurs
  A crocodile (D:8)
  7 bullfrogs
  A water moccasin zombie (D:11)
  Dowan (D:5)
  3 troll zombies (D:10)
  2 scorpions
  4 killer bees (D:8)
  4 wights (D:11)
  2 howler monkeys
  8 crimson imps
  2 centaur zombies
  A quasit (D:9)
  3 hounds
  15 orc wizards
  Crazy Yiuf (D:2)
  A bullfrog skeleton (D:10)
  7 orc priests
  2 jellies
  5 iguanas
  7 worker ants
  Natasha (twice) (D:2)
  5 ogre zombies (D:10)
  4 hound skeletons
  3 hound zombies
  A worker ant zombie (D:8)
  8 gnolls (D:10)
  13 adders
  A shadow imp (D:11)
  An ooze (D:3)
  2 adder skeletons
  An adder zombie (D:6)
  3 worms
  4 dart slugs
  3 leopard geckos
  40 orcs
  7 bats
  5 giant cockroaches
  6 goblins
  9 hobgoblins
  11 jackals
  12 kobolds
  2 quokkas
  3 ball pythons
  4 frilled lizards
  A goblin skeleton (D:10)
  6 goblin zombies (D:10)
  2 hobgoblin skeletons (D:10)
  3 hobgoblin zombies (D:10)
  An orc skeleton (D:10)
  12 orc zombies (D:10)
  A quokka skeleton (D:5)
  A quokka zombie (D:6)
  9 rats
336 creatures vanquished.

Vanquished Creatures (others)
  A deep elf mage (D:12)
  A centaur (D:12)
  A jackal (D:7)
3 creatures vanquished.

Grand Total: 339 creatures vanquished

Notes
Turn   | Place    | Note
-------+----------+-------------------------------------------
     0 | D:1      | greprep the Minotaur Fighter began the quest for the Orb.
     0 | D:1      | Reached XP level 1. HP: 19/19 MP: 0/0
   138 | D:1      | Reached XP level 2. HP: 27/27 MP: 1/1
   671 | D:2      | Reached XP level 3. HP: 31/33 MP: 2/2
   673 | D:2      | Noticed Natasha
   708 | D:2      | Killed Natasha
   986 | D:2      | Reached XP level 4. HP: 36/40 MP: 3/3
  1222 | D:2      | Noticed Natasha
  1228 | D:2      | Killed Natasha
  1435 | D:2      | Found a runed door.
  1510 | D:2      | Found a glowing golden altar of the Shining One.
  1611 | D:2      | Noticed Crazy Yiuf
  1626 | D:2      | Killed Crazy Yiuf
  1626 | D:2      | Reached XP level 5. HP: 21/46 MP: 4/4
  1929 | D:3      | Reached skill level 5 in Shields
  1944 | D:3      | Reached skill level 1 in Dodging
  1961 | D:3      | Noticed Artagas's ghost (amateur HESk)
  1977 | D:3      | Killed Artagas's ghost
  1977 | D:3      | Reached XP level 6. HP: 44/52 MP: 5/5
  2527 | D:4      | Reached skill level 5 in Axes
  2570 | D:4      | Got a scorched spear
  2575 | D:4      | Reached skill level 5 in Armour
  2613 | D:4      | Found a white marble altar of Elyvilon.
  2615 | D:4      | Identified the +7 spear "Seopui" {vamp, *Contam rElec rN+ Str+2 Stlth+} (You found it on level 4 of the Dungeon)
  2919 | D:4      | Reached skill level 1 in Polearms
  2919 | D:4      | Reached XP level 7. HP: 39/60 MP: 6/6
  2934 | D:4      | Found an iron altar of Okawaru.
  3160 | D:5      | Entered Level 5 of the Dungeon
  3235 | D:5      | Noticed Dowan
  3237 | D:5      | Noticed Duvessa
  3240 | D:5      | Killed Dowan
  3240 | D:5      | Reached skill level 2 in Polearms
  3248 | D:5      | Killed Duvessa
  3248 | D:5      | Reached skill level 5 in Fighting
  3283 | D:5      | Reached skill level 3 in Polearms
  3326 | D:5      | Reached skill level 4 in Polearms
  3328 | D:5      | Reached XP level 8. HP: 68/68 MP: 7/7
  3379 | D:5      | Found a staircase to the Ecumenical Temple.
  3400 | D:5      | Reached skill level 5 in Polearms
  3618 | Temple   | Entered the Ecumenical Temple
  3666 | Temple   | Became a worshipper of Qazlal Stormbringer
  4046 | D:5      | Found a shattered altar of Ashenzari.
  4079 | D:5      | Found an iron altar of Okawaru.
  4080 | D:5      | Found a bloodstained altar of Trog.
  4236 | D:6      | Reached skill level 6 in Polearms
  4313 | D:6      | Found a blossoming altar of Fedhas.
  4349 | D:6      | Reached * piety under Qazlal
  4401 | D:6      | Found a deep blue altar of Sif Muna.
  4430 | D:6      | Gained mutation: Your body sometimes deteriorates upon taking damage. [potion of mutation]
  4430 | D:6      | Gained mutation: You are partially covered in rugged brown scales. (AC +1, +3% HP) [potion of mutation]
  4430 | D:6      | Gained mutation: You have sharp toenails. [potion of mutation]
  5087 | D:7      | Reached skill level 7 in Polearms
  5134 | D:7      | Noticed greprep's ghost (novice MiFi)
  5161 | D:7      | Killed greprep's ghost
  5161 | D:7      | Reached skill level 8 in Polearms
  5161 | D:7      | Reached XP level 9. HP: 69/80 MP: 8/8
  5472 | D:7      | Reached skill level 1 in Stealth
  5483 | D:7      | Reached skill level 9 in Polearms
  5975 | D:8      | Reached ** piety under Qazlal
  6153 | D:8      | Reached skill level 10 in Polearms
  6162 | D:8      | Reached XP level 10. HP: 87/87 MP: 9/9
  6263 | D:8      | Found an opulent altar of Gozag.
  6652 | D:9      | Noticed an elephant
  6652 | D:9      | Found a staircase to the Lair.
  6672 | D:9      | Killed an elephant
  7054 | D:9      | Found Yleisybefa's Armour Emporium.
  7244 | D:10     | Entered Level 10 of the Dungeon
  7298 | D:10     | Reached skill level 11 in Polearms
  7416 | D:10     | Found Zaemoc's Magic Scroll Emporium.
  7424 | D:10     | Reached *** piety under Qazlal
  7428 | D:10     | Bought a scroll of magic mapping for 45 gold pieces
  7668 | D:10     | Found a staircase to the Orcish Mines.
  7673 | D:10     | Noticed bobbobbob's ghost (novice SpEn)
  7692 | D:10     | Killed bobbobbob's ghost
  7774 | D:10     | Reached **** piety under Qazlal
  7774 | D:10     | Reached skill level 12 in Polearms
  8134 | D:11     | Got a jewelled chain mail
  8147 | D:11     | Identified the +5 chain mail "Celuc" {rElec} (You found it on level 11 of the Dungeon)
  8190 | D:11     | Reached XP level 11. HP: 95/98 MP: 10/10
  8196 | D:11     | Noticed a tengu warrior
  8207 | D:11     | Killed a tengu warrior
  8678 | D:11     | Noticed a white ugly thing
  8683 | D:11     | Killed a white ugly thing
  8707 | D:11     | Reached skill level 13 in Polearms
  8863 | D:11     | Got a twisted war axe
  8864 | D:11     | Identified the +10 war axe of Modesty {elec, Fragile +Inv rElec rF-} (You found it on level 11 of the Dungeon)
  8924 | D:11     | Gained mutation: Potions and wands are less effective at restoring your health. [mutagenic glow]
  8928 | D:11     | Reached skill level 10 in Fighting
  9090 | D:12     | Noticed a deep elf mage
  9095 | D:12     | Killed a deep elf mage
  9120 | D:12     | Noticed a cyan ugly thing
  9128 | D:12     | Killed a cyan ugly thing
  9361 | D:12     | Noticed a six-headed hydra
  9367 | D:12     | Killed a ten-headed hydra
  9588 | D:12     | Noticed a hill giant
  9596 | D:12     | Killed a hill giant
  9607 | D:12     | Noticed a centaur warrior
  9615 | D:12     | Killed a centaur warrior
  9739 | D:12     | Noticed an eight-headed hydra
  9744 | D:12     | Killed an 11-headed hydra
 10349 | D:13     | Reached skill level 10 in Shields
 10349 | D:13     | Reached XP level 12. HP: 110/110 MP: 11/11
 10362 | D:13     | Noticed Sonja
 10370 | D:13     | Noticed Snorg
 10393 | D:13     | Slain by Snorg

Skill      XL: |  1  2  3  4  5  6  7  8  9 10 11 |
---------------+----------------------------------+-----
Shields        | 4 5 6 8 9 10 | 10.1
Armour         | 4 5 6 7 8 9 |  9.7
Fighting       | 4 5 6 7 9 10 | 10.8
Axes           | 3 4 5 8 |  8.6
Dodging        | 1 2 3 4 |  4.0
Polearms       | 1 4 8 10 12 13 | 13.6
Stealth        | 1 |  1.4

Action                   |  1- 3 |  4- 6 |  7- 9 | 10-12 || total
-------------------------+-------+-------+-------+-------++-------
Melee: War axe           |    71 |   115 |       |   108 ||   294
       Headbutt          |    11 |    20 |    50 |    95 ||   176
       Spear             |       |     7 |   338 |   376 ||   721
       Kick              |       |       |    54 |   175 ||   229
  Use: Potion            |       |       |     7 |       ||     7
       Scroll            |       |       |     3 |     2 ||     5
  Eat: Chunk             |     8 |     3 |     5 |       ||    16
       Bread ration      |       |     1 |     1 |       ||     2
       Pizza             |       |     1 |       |     1 ||     2
       Beef jerky        |       |       |     1 |       ||     1
       Meat ration       |       |       |       |     2 ||     2
       Fruit             |       |       |       |     3 ||     3
Armor: Scale mail        |    31 |    37 |    58 |    38 ||   164
       Skin              |       |       |     2 |       ||     2
       Chain mail        |       |       |       |    61 ||    61
Dodge: Dodged            |    24 |    33 |    60 |   116 ||   233
       Deflected         |       |       |       |     5 ||     5
Block: Shield            |    38 |    66 |   111 |   102 ||   317
       Buckler           |       |       |       |   123 ||   123
       Reflection        |       |       |       |    25 ||    25
